 Dungeon Crawl Stone Soup version 0.28.0 (webtiles) character file.

Game seed: 9509563567353452276

1544 pkoi the Frost Mage (level 8, -3/52 (57) HPs)
             Began as a Purple Draconian Ice Elementalist on Feb 15, 2022.
             Was a Follower of Sif Muna.
             Slain by a wight (13 damage)
             ... on level 7 of the Dungeon.
             The game lasted 00:12:09 (7980 turns).

pkoi the Frost Mage (DrIE)                          Turns: 7980, Time: 00:12:10

HP:   -3/52 (57)    AC:  7    Str: 10    XL:     8   Next: 56%
MP:   14/24         EV: 16    Int: 18    God:    Sif Muna [*.....]
Gold: 304           SH:  0    Dex: 12    Spells: 3/17 levels left

rFire   . . .      SeeInvis .   f - +3 hand axe (vorpal)
rCold   . . .      Faith    .   (no shield)
rNeg    . . .      Spirit   .   (armour unavailable)
rPois   .          Reflect  .   (helmet restricted)
rElec   .          Harm     .   q - scarf {repulsion}
rCorr   .          Rampage  .   (no gloves)
Will    +....                   s - +0 pair of boots
Stlth   ++........              (no amulet)
HPRegen 0.17/turn               l - +4 ring of evasion
MPRegen 0.19/turn               p - ring of magical power

@: about to teleport, short of breath, freezing walls, drained, repel missiles
A: breathe power, AC +6, unfitting armour, cold-blooded
a: Breathe Dispelling Energy, Renounce Religion, Channel Magic


You were on level 7 of the Dungeon.
You worshipped Sif Muna.
Sif Muna was aware of your devotion.
You visited 2 branches of the dungeon, and saw 8 of its levels.

You collected 304 gold pieces.

Inventory:

Hand Weapons
 b - a +0 dagger
 e - a +0 long sword
 f - a +3 vorpal hand axe (weapon)
Missiles
 w - a throwing net
Armour
 q - a scarf of repulsion (worn)
 s - a +0 pair of boots (worn)
Jewellery
 l - a +4 ring of evasion (left hand)
 p - a ring of magical power (right hand)
Wands
 t - a wand of mindburst (11)
Scrolls
 d - 2 scrolls of magic mapping
 h - a scroll of holy word {unknown}
 j - a scroll of blinking
 m - a scroll of fear {unknown}
 x - 3 scrolls of identify
Potions
 a - a potion of curing {unknown}
 c - a potion of heal wounds
 i - 3 potions of lignification {unknown}
 k - a potion of brilliance
 n - 2 potions of attraction {unknown}
 o - a potion of ambrosia {unknown}
 r - a potion of degeneration {unknown}
 u - a potion of flight {unknown}
 v - a potion of haste {unknown}


   Skills:
 - Level 1.7 Dodging
 - Level 1.7 Stealth
 + Level 5.0 Spellcasting
 + Level 1.4 Conjurations
 + Level 3.7 Summonings
 + Level 1.4 Transmutations
 + Level 8.5 Ice Magic
 + Level 1.6 Poison Magic
 + Level 4.2 Invocations


You had 3 spell levels left.
You knew the following spells:

 Your Spells              Type           Power      Damage    Failure   Level
a - Freeze                Ice            100%       1d11      1%          1
b - Frozen Ramparts       Ice            70%        1d9       1%          3
c - Summon Ice Beast      Ice/Summ       26%        N/A       11%         4
d - Sting                 Tmut/Pois      40%        1d5       7%          1
e - Iskenderun's Battles  Conj           9%         2d6       90%         5

Your spell library contained the following spells:

 Spells                   Type           Power      Damage    Failure   Level
 Ozocubu's Armour         Ice            35%        N/A       1%          3
 Ensorcelled Hibernation  Hex/Ice        38%        N/A       3%          2
 Poisonous Vapours        Pois/Air       14%        N/A       14%         2
 Static Discharge         Conj/Air       7%         N/A       16%         2
 Spider Form              Tmut/Pois      10%        N/A       22%         3
 Inner Flame              Hex/Fire       4%         N/A       36%         3
 Hailstorm                Conj/Ice       22%        3d7       17%         4
 Olgreb's Toxic Radiance  Pois           10%        N/A       56%         4
 Anguish                  Hex/Necr       2%         N/A       78%         4
 Cause Fear               Hex            2%         N/A       78%         4
 Summon Mana Viper        Hex/Summ       11%        N/A       86%         5
 Silence                  Hex/Air        2%         N/A       98%         5
 Ozocubu's Refrigeration  Ice            17%        4d8       98%         7
 Monstrous Menagerie      Summ           9%         N/A       100%        7
 Ignition                 Fire           2%         3d3       100%        8


Dungeon Overview and Level Annotations

Branches:
Dungeon (7/15)             Temple (1/1) D:5

Altars:
Ashenzari
Cheibriados
Dithmenos
Elyvilon
Fedhas
Gozag
Hepliaklqana
Kikubaaqudgha
Makhleb
Nemelex Xobeh
Okawaru
Qazlal
Sif Muna
Uskayaw
Yredelemnul
Zin
The Shining One

Annotations:
D:2 Sigmund
D:3 3 runed translucent doors, bmoney's ghost, amateur DjCj


Innate Abilities, Weirdness & Mutations

You can breathe bolts of dispelling energy.
Your rich purple scales are hard. (AC +6)
You cannot fit into any form of body armour.
You are cold-blooded and may be slowed by cold attacks.


Message History

The bolt of dispelling energy hits the wight!
The wight is heavily damaged.
The wight resists.
The wall freezes the wight.
The wight closely misses you.
The wight completely resists.
The wall freezes the wight but does no damage.
The wight barely misses you.
The wight resists.
The wall freezes the wight.
The wight resists.
The wall freezes the wight.
The wight misses you.
Unknown command.
You barely miss the wight.
The wight is severely damaged.
You completely miss the wight.
The wight resists.
The wall freezes the wight.
The wight barely misses you.
The wight completely resists.
The wall freezes the wight but does no damage.
The wight hits you with a +0 hand axe.
* * * LOW HITPOINT WARNING * * *
You feel drained.
The wight completely resists.
The wall freezes the wight but does no damage.
The wight resists.
The wall freezes the wight.
The wight misses you.
The wight resists.
The wall freezes the wight.
The wight hits you but does no damage.
The wight resists.
The wall freezes the wight.
The wight closely misses you.
As you read the scroll of teleportation, it crumbles to dust.
You feel strangely unstable.
The wight completely resists.
The wall freezes the wight but does no damage.
The wight completely resists.
The wall freezes the wight but does no damage.
The wight closely misses you.
The wight resists.
The wall freezes the wight.
The wight closely misses you.
The wight resists.
The wall freezes the wight.
The wight closely misses you.
You hit the wight.
You destroy the wight!
Sif Muna accepts your kill.
You hit the wight.
The wight resists.
The wall freezes the wight.
The wight completely resists.
The wall freezes the wight but does no damage.
The wight hits you but does no damage.
The wight resists.
The wall freezes the wight.
The wight misses you.
The wight resists.
The wall freezes the wight.
The wight resists.
The wall freezes the wight.
The wight hits you with a +0 flail!
You die...

#...# #.#.. #...# ...#
###..# ##########
..#.$#######........#
#.#......).#.######.#######
#.####.#..#
#@#.##....(......#
#.....#.(#
#z#.##.##........# #..)..#
#z#.........####.# ##.#..#
#z#..#.#[#### #<#
###.#..#####...........# #..
### #......z.z...#..#.#.##.#
#.#
#.###......##.#.##......##.#
#<#
#..........##.#.##.##.####.#
#.# #####.....###.#.##.##.#
##.## #.#


You could see 3 wights.

Vanquished Creatures
  Menkaure (D:6)
  An orc warrior (D:6)
  An ice beast (D:6)
  A black bear (D:7)
  A phantom (D:6)
  2 scorpions
  A water moccasin zombie (D:5)
  2 water moccasin skeletons
  3 killer bees (D:7)
  2 wights (D:7)
  A hound (D:7)
  A bullfrog zombie (D:4)
  A gnoll shaman (D:6)
  3 orc priests
  2 iguanas
  7 orc wizards
  5 gnolls
  A howler monkey skeleton (D:5)
  An adder (D:2)
  2 shadow imps (D:5)
  A white imp (D:4)
  An adder skeleton (D:5)
  5 dart slugs
  26 orcs
  5 bats
  7 endoplasms
  5 giant cockroaches
  7 goblins
  9 hobgoblins
  4 jackals
  2 quokkas
  2 ball pythons (D:1)
  A frilled lizard (D:2)
  4 kobolds
  5 rats
  A spectral orc (D:6)
124 creatures vanquished.

Vanquished Creatures (others)
  A plant (Temple)
1 creature vanquished.

Grand Total: 125 creatures vanquished

Notes
Turn   | Place    | Note
-------+----------+-------------------------------------------
     0 | D:1      | pkoi the Draconian Ice Elementalist began the quest for the
                  | Orb.
     0 | D:1      | Reached XP level 1. HP: 14/14 MP: 3/3
   272 | D:1      | Found a faded altar of an unknown god.
   608 | D:1      | Reached XP level 2. HP: 13/20 MP: 0/5
   989 | D:1      | Reached skill level 5 in Ice Magic
  1147 | D:1      | Reached XP level 3. HP: 26/26 MP: 3/6
  1227 | D:2      | Noticed Sigmund
  1357 | D:1      | Learned a level 3 spell: Frozen Ramparts
  1996 | D:3      | Found a runed translucent gate.
  1996 | D:3      | Found a runed translucent gate.
  1996 | D:3      | Found a runed translucent gate.
  1997 | D:3      | Noticed bmoney's ghost (amateur DjCj)
  2062 | D:3      | Found a stormy altar of Qazlal.
  2072 | D:3      | Found a glowing silver altar of Zin.
  2074 | D:3      | Found a burning altar of Makhleb.
  2234 | D:3      | Reached XP level 4. HP: 8/33 MP: 1/7
  2782 | D:3      | Reached skill level 6 in Ice Magic
  3086 | D:4      | Reached XP level 5. HP: 36/38 MP: 5/8
  3291 | D:4      | Reached skill level 7 in Ice Magic
  3838 | D:4      | Found an ancient bone altar of Kikubaaqudgha.
  3970 | D:4      | Reached XP level 6. HP: 42/45 MP: 4/9
  4179 | D:4      | Found a snail-covered altar of Cheibriados.
  4284 | D:5      | Entered Level 5 of the Dungeon
  4797 | D:5      | Learned a level 4 spell: Summon Ice Beast
  4806 | D:5      | Found a staircase to the Ecumenical Temple.
  4817 | Temple   | Entered the Ecumenical Temple
  5035 | Temple   | Became a worshipper of Sif Muna the Loreminder
  5266 | D:5      | Reached skill level 1 in Summonings
  5266 | D:5      | Reached skill level 1 in Invocations
  5596 | D:6      | Identified a scroll of acquirement
  5596 | D:6      | Acquired the Disquisition on the Harmful Oath
  5920 | D:6      | Found a blossoming altar of Fedhas.
  5942 | D:6      | Noticed an orc warrior
  5952 | D:6      | Killed an orc warrior
  5953 | D:6      | Your scales start taking on a rich purple colour.
  5953 | D:6      | Reached XP level 7. HP: 40/50 MP: 12/12
  6247 | D:6      | Reached skill level 8 in Ice Magic
  6795 | D:6      | Noticed Menkaure
  6800 | D:6      | Killed Menkaure
  6801 | D:6      | Reached XP level 8. HP: 9/57 MP: 14/14
  7052 | D:6      | Learned a level 1 spell: Sting
  7058 | D:6      | Learned a level 5 spell: Iskenderun's Battlesphere
  7170 | D:6      | Found a hazy altar of Hepliaklqana.
  7650 | D:7      | Found a broken altar of Ashenzari.
  7673 | D:7      | Reached * piety under Sif Muna
  7674 | D:7      | Reached skill level 1 in Conjurations
  7674 | D:7      | Reached skill level 1 in Transmutations
  7674 | D:7      | Reached skill level 1 in Poison Magic
  7913 | D:7      | Reached skill level 5 in Spellcasting
  7980 | D:7      | Slain by a wight

Illustrated notes

Levels and vault maps discovered:
D:1:      dpeg_arrival_radiant, layout_rooms, chequers_ecumenical_altar_island,
          roderic_serpentine_path
D:2:      minmay_spotlight, layout_loops_cross, basic_altar, serial_glass,
          glass_columns_a, glass_columns_b, glass_columns_c, glass_columns_a,
          glass_columns_b, glass_columns_b, chequers_serial_rivers_micro_b,
          uniq_sigmund
D:3:      layout_rooms, minitemple, gammafunk_ghost_necromancy, fountainhead,
          chequers_serial_rivers_large_a
D:4:      layout_loops_cross, mainiacjoe_overflow_24_doors,
          kennysheep_slug_shrine, minmay_misc_feat_doors
D:5:      layout_rooms, minmay_temple_entry_sparse_star
D:6:      layout_basic, nicolae_hepliaklqana_monster_ancestors,
          mainiacjoe_overflow_tiny_flanked, sigmund_army, uniq_menkaure
D:7:      layout_loops_ring, general_overflow_altar,
          mainiacjoe_overflow_small_starburst, trog_wizard,
          nicolae_wu_jian_immortal_techniques
Temple:   jpeg_temple_island

Skill      XL: |  1  2  3  4  5  6  7  8 |
---------------+-------------------------+-----
Ice Magic      | 5 6 7 8 |  8.5
Summonings     | 1 3 |  3.7
Invocations    | 2 3 4 |  4.2
Spellcasting   | 3 4 5 |  5.0
Conjurations   | 1 |  1.4
Transmutations | 1 |  1.4
Poison Magic   | 1 |  1.6
Dodging        | |  1.7
Stealth        | |  1.7

Action                   |  1- 3 |  4- 6 |  7- 9 || total
-------------------------+-------+-------+-------++-------
Melee: Dagger            |    19 |       |       ||    19
       Tailslap          |     4 |    10 |    15 ||    29
       Long sword        |     4 |    55 |       ||    59
       Hand axe          |       |    38 |    69 ||   107
       Punch             |       |     1 |     1 ||     2
 Cast: Freeze            |    57 |    25 |       ||    82
       Frozen Ramparts   |       |     9 |    19 ||    28
       Summon Ice Beast  |       |       |     1 ||     1
       Sting             |       |       |     1 ||     1
 Abil: Breathe Dispellin |       |       |     4 ||     4
  Use: Potion            |       |     1 |       ||     1
       Scroll            |       |     4 |     5 ||     9
Armor: Skin              |    36 |    30 |    27 ||    93
Dodge: Dodged            |    59 |    96 |    88 ||   243
